 Dungeon Crawl Stone Soup version 0.18.1-48-g4cf74bf (webtiles) character file.

408 Lennu the Chiller (level 6, -1/43 HPs)
             Began as a Merfolk Ice Elementalist on July 5, 2016.
             Slain by cutebanana's ghost (16 damage)
             ... on level 4 of the Dungeon.
             The game lasted 00:17:05 (5405 turns).

Lennu the Chiller (Merfolk Ice Elementalist)        Turns: 5405, Time: 00:17:06

Health: -1/43      AC:  4    Str:  9    XL:     6   Next: 88%
Magic:  6/12       EV: 13    Int: 14    God:
Gold:   179        SH:  0    Dex: 16    Spells: 3 memorised, 5 levels left

rFire  . . .     SeeInvis .     i - +0 halberd
rCold  . . .     Gourm    .     f - +0 leather armour
rNeg   . . .     Faith    .     (shield currently unavailable)
rPois  .         Spirit   .     (no helmet)
rElec  .         Dismiss  .     (no cloak)
rCorr  .         Reflect  .     q - +0 pair of gloves
SustAt .         Harm     .     (no boots)
MR     .....                    (no amulet)
Stlth  ++........               (no ring)
                                (no ring)

@: not resistant to hostile enchantments, unstealthy
A: change form in water, swift swim
a: no special abilities


You were on level 4 of the Dungeon.
You were not hungry.

You visited 1 branch of the dungeon, and saw 4 of its levels.

You collected 179 gold pieces.

Inventory:

Hand Weapons
 i - a +0 halberd (weapon)
 k - a +0 mace
Armour
 f - a +0 leather armour (worn)
 q - a +0 pair of gloves (worn)
Magical Staves
 a - an uncursed staff of wizardry
Wands
 l - a wand of disintegration (12/24)
 m - a wand of random effects (17/48)
Scrolls
 e - 3 scrolls of remove curse
 g - a scroll of fear {unknown}
 s - a scroll of fog
 t - a scroll of amnesia {unknown}
 u - 2 scrolls of identify {unknown}
 v - a scroll of teleportation {unknown}
Potions
 d - 3 potions of brilliance {unknown}
 h - a potion of curing {unknown}
 n - a potion of degeneration {unknown}
 o - a potion of resistance {unknown}
 p - a potion of heal wounds {unknown}
 r - a potion of mutation {unknown}
Books
 b - a book of Frost

   Spells                             Type                      Level
   a - Freeze                         Ice                          1
   b - Throw Frost                    Conjuration/Ice              2
   c - Ozocubu's Armour               Charms/Ice                   3
   d - Throw Icicle                   Conjuration/Ice              4
   e - Summon Ice Beast               Ice/Summoning                4
Comestibles
 j - a royal jelly


   Skills:
 * Level 1.2 Fighting
 - Level 0.1 Maces & Flails
 * Level 1.1 Polearms
 * Level 1.2 Armour
 * Level 4.0 Dodging
 + Level 2.7 Stealth
 + Level 4.1 Spellcasting
   Level 0.7 Conjurations
 + Level 5.2 Ice Magic


You had 5 spell levels left.
You knew the following spells:

 Your Spells              Type           Power        Failure   Level  Hunger
a - Freeze                Ice            ###.         3%          1    None
b - Ozocubu's Armour      Chrm/Ice       ##......     28%         3    ###....
c - Summon Ice Beast      Ice/Summ       ##......     86%         4    ####...


Dungeon Overview and Level Annotations

Branches:
Dungeon (4/15)
 Temple: D:4-7

Altars:
Makhleb

Annotations:
D:4 cutebanana's ghost, amateur DDFi


Message History

Cutebanana's ghost closely misses you.
Your ice beast completely misses cutebanana's ghost.
Your ice beast hits cutebanana's ghost but does no damage.
Press: ? - help, v - describe, . - travel The floor.
You barely miss cutebanana's ghost.
Cutebanana's ghost is lightly damaged.
Cutebanana's ghost hits you.
Your ice beast hits cutebanana's ghost but does no damage.
You hit cutebanana's ghost but do no damage.
Cutebanana's ghost is lightly damaged.
Cutebanana's ghost hits you!
Your ice beast barely misses cutebanana's ghost.
Cutebanana's ghost closely misses you.
Your ice beast hits cutebanana's ghost but does no damage.
Cutebanana's ghost hits you.
Your ice beast hits cutebanana's ghost.
Your ice beast freezes cutebanana's ghost.
The worker ant closely misses you. Cutebanana's ghost hits you!
You die...

....## #.##
###########....# #.#
#..............# #.#
#........$.##'### #.
#................
#................
#................
######......Y.........
#.........@W..#.......
#..........a..########
#............##
#............#
#............#
#............#
#.(..........#
#$...........#
##############


You could see a worker ant, cutebanana's ghost and a friendly ice beast.

Vanquished Creatures
  An ogre (D:4)
  2 hounds
  Ijyb (D:2)
  Natasha (D:2)
  A worker ant (D:4)
  4 gnolls (D:4)
  5 adders
  3 oozes
  2 worms
  2 dart slugs
  2 giant geckos
  3 orcs
  9 bats
  6 giant cockroaches
  5 goblins
  9 hobgoblins
  9 jackals
  6 kobolds
  2 quokkas (D:3)
  3 giant newts
  6 rats
82 creatures vanquished.

Notes
Turn   | Place    | Note
--------------------------------------------------------------
     0 | D:1      | Lennu the Merfolk Ice Elementalist began the quest for the Orb.
     0 | D:1      | Reached XP level 1. HP: 13/13 MP: 3/3
   230 | D:1      | Reached XP level 2. HP: 17/19 MP: 1/5
  1159 | D:2      | Reached XP level 3. HP: 24/24 MP: 0/6
  1162 | D:2      | Found a faded altar to an unknown god.
  1558 | D:2      | Noticed Ijyb
  1568 | D:2      | Killed Ijyb
  1568 | D:2      | Reached skill level 4 in Ice Magic
  1568 | D:2      | Reached XP level 4. HP: 30/30 MP: 0/8
  2271 | D:2      | Noticed Natasha
  2278 | D:2      | Killed Natasha
  2542 | D:2      | Reached XP level 5. HP: 35/35 MP: 5/9
  2585 | D:2      | Found a burning altar of Makhleb.
  3751 | D:3      | Reached skill level 1 in Armour
  4577 | D:4      | Reached skill level 5 in Ice Magic
  4577 | D:4      | Reached XP level 6. HP: 42/42 MP: 7/11
  4784 | D:4      | Noticed cutebanana's ghost (amateur DDFi)
  4794 | D:4      | Learned a level 3 spell: Ozocubu's Armour
  4798 | D:4      | Reached skill level 1 in Fighting
  4798 | D:4      | Reached skill level 1 in Polearms
  5374 | D:4      | Learned a level 4 spell: Summon Ice Beast
  5405 | D:4      | Slain by cutebanana's ghost

Skill      XL: |  1  2  3  4  5  6 |
---------------+-------------------+-----
Dodging        | 3 4 |  4.0
Ice Magic      | 4 5 |  5.2
Spellcasting   | 3 4 |  4.1
Armour         | 1 |  1.2
Fighting       | 1 |  1.2
Polearms       | 1 |  1.1
Maces & Flails | |  0.1
Stealth        | |  2.7
Conjurations   | |  0.7

Action                   |  1- 3 |  4- 6 || total
-------------------------+-------+-------++-------
Melee: Club              |    13 |       ||    13
       Tailslap          |     1 |       ||     1
       Dagger            |       |    11 ||    11
       Mace              |       |    45 ||    45
       Halberd           |       |     7 ||     7
 Cast: Freeze            |    44 |    98 ||   142
       Summon Ice Beast  |       |     1 ||     1
  Use: Scroll            |     3 |     1 ||     4
 Stab: Sleeping          |     1 |     7 ||     8
       Distracted        |       |     2 ||     2
  Eat: Chunk             |     2 |     7 ||     9
       Bread ration      |       |     2 ||     2
Armor: Robe              |    13 |       ||    13
       Leather armour    |       |    37 ||    37
Dodge: Dodged            |    41 |   108 ||   149
